Map: Blackpink LE

Players

RightLeg - Winner!

  • Race: Terran Terran
  • League: Master
  • Spawn Location: 7:00

MMcolacNL

  • Race: Zerg Zerg
  • League: Master
  • Spawn Location: 1:00

VOD

Have the link to the VOD?

Description

Time

  • Played on: Dec. 25, 2017, 8:47 a.m.
  • Length: 13:53
Show
View Real Time Build Order
Export as new Build Order

RightLeg Terran - Winner!

Build Orders: Hellion Opening, Reaper Expand, Mech 

Get SALT Encoding   

  12  0:05  SCV  
  13  0:17  SCV  
  14  0:21  Supply Depot  
  14  0:29  SCV  
  14  0:34  Refinery  
  15  0:43  SCV  
  15  0:45  Barracks  
  16  0:55  SCV  
  17  1:07  SCV  
  18  1:19  SCV  
  19  1:32  Orbital Command  
  19  1:33  Reaper  
  20  1:46  Command Center  
  20  1:57  SCV  
  20  2:00  Factory  
  21  2:09  SCV  
  21  2:13  Barracks Reactor  
  22  2:18  Refinery  
  22  2:19  Supply Depot  
  22  2:21  SCV  
  23  2:40  SCV  
  24  2:51  Starport  
  24  2:52  SCV  
  24  2:58  Hellion x2  
  29  3:02  Orbital Command  
  29  3:04  Barracks Tech Lab, SCV  
  30  3:16  SCV  
  30  3:19  Hellion  
  35  3:20  Hellion  
  35  3:25  Supply Depot  
  35  3:28  SCV  
  35  3:29  SCV  
  37  3:37  Viking  
  37  3:40  SCV  
  37  3:41  SCV  
  41  3:43  Hellion  
  41  3:45  Hellion  
  45  3:52  SCV  
  45  3:53  SCV  
  47  4:02  Supply Depot  
  47  4:04  SCV  
  47  4:05  SCV  
  49  4:19  Hellion x2  
  49  4:22  SCV  
  49  4:23  Armory  
  38  4:24  Medivac, SCV  
  57  4:31  Supply Depot  
  57  4:34  SCV  
  57  4:37  Command Center  
  58  4:40  SCV  
  59  4:46  SCV  
  59  4:48  Supply Depot  
  59  4:50  Hellion  
  62  4:53  SCV  
  63  5:02  SCV  
  63  5:03  Refinery  
  63  5:04  Refinery  
  63  5:05  Supply Depot, SCV  
  65  5:12  Hellion x2  
  69  5:17  SCV  
  70  5:21  SCV  
  70  5:23  Starport Reactor  
  71  5:29  Factory x2, SCV  
  71  5:31  Terran Vehicle Weapons Level 1  
  71  5:33  SCV  
  73  5:41  Hellion x2, SCV  
  73  5:42  Barracks Tech Lab  
  78  5:46  SCV  
  79  5:51  Liberator x2  
  79  5:53  SCV  
  80  5:58  SCV  
  80  6:00  Supply Depot  
  80  6:02  Orbital Command  
  81  6:05  SCV  
  78  6:24  Hellion x2  
  80  6:28  Thor  
  80  6:37  Thor  
  80  6:38  Infernal Pre-Igniter, Smart Servos  
  81  6:42  Orbital Command  
  77  6:48  SCV x2  
  77  6:50  Supply Depot  
  77  6:52  Engineering Bay  
  83  6:54  Hellion x2  
  83  6:58  Medivac x2  
  83  7:00  SCV x2  
  89  7:07  Supply Depot  
  89  7:08  SCV  
  90  7:09  Supply Depot  
  90  7:12  SCV  
  90  7:13  Supply Depot  
  90  7:14  Supply Depot, SCV  
  92  7:17  Hellion  
  92  7:20  Hellion, SCV  
  97  7:24  SCV  
  97  7:25  Siege Tank  
  97  7:27  Siege Tank  
  97  7:29  SCV  
  105  7:32  SCV  
  106  7:39  SCV  
  106  7:41  Refinery, SCV  
  106  7:43  Refinery  
  108  7:45  Barracks Tech Lab  
  108  7:47  Factory  
  108  7:48  SCV  
  108  7:50  Starport Reactor, Factory  
  104  7:51  SCV  
  104  7:55  Hellion x2  
  104  7:57  Hellion  
  110  7:59  Hellion  
  110  8:03  SCV x2  
  110  8:04  SCV  
  115  8:10  Command Center  
  115  8:13  Supply Depot  
  115  8:14  Armory  
  115  8:24  Hellion x2, Siege Tank x2  
  115  8:25  SCV x3  
  128  8:48  Hellion x4  
  130  8:49  Factory Tech Lab  
  130  8:52  Viking x2  
  132  8:56  Hellion, Siege Tank  
  132  8:59  Terran Vehicle Weapons Level 2  
  132  9:01  Supply Depot  
  132  9:02  Supply Depot x2, Armory  
  137  9:03  Supply Depot  
  135  9:12  Siege Tank  
  135  9:13  Hellion x4  
  136  9:17  Hellion  
  127  9:26  Terran Vehicle And Ship Armor Level 1  
  124  9:32  SCV x3  
  124  9:33  Sensor Tower  
  124  9:35  Siege Tank  
  124  9:36  Hellion x4  
  138  9:39  Hellion, Refinery  
  138  9:40  Medivac x2  
  138  9:43  Refinery, Sensor Tower  
  138  9:44  SCV x3  
  138  9:45  Planetary Fortress  
  147  9:48  Hellion x4  
  147  9:52  Siege Tank  
  150  10:06  Command Center, Thor  
  162  10:07  Hellion x3  
  162  10:17  Viking, Siege Tank  
  162  10:18  Viking  
  169  10:28  Thor  
  169  10:34  Siege Tank  
  169  10:35  Hellion x4  
  180  10:49  Hellion  
  176  10:50  Viking, Siege Tank  
  176  10:51  Viking  
  184  11:04  Command Center, Hellion  
  181  11:05  Hellion x3  
  181  11:06  Siege Tank  
  181  11:10  Siege Tank  
  195  11:19  Fusion Core, Starport  
  195  11:20  Starport  
  195  11:22  Siege Tank  
  195  11:24  Hellion, Terran Vehicle And Ship Armor Level 2  
  198  11:26  Hellion  
  200  11:36  Refinery x2  
  194  11:47  Liberator x2  
  194  11:50  Planetary Fortress  
  186  12:05  Siege Tank x3  
  186  12:06  Hellion  
  187  12:25  Hellion x3  
  187  12:26  Starport Tech Lab, Starport Reactor  
  189  12:31  Command Center  
  189  12:32  Command Center  
  151  12:44  Siege Tank x3  
  151  12:45  Hellion  
  151  12:46  Hellion, Liberator  
  151  12:47  Liberator x4  
  142  13:03  Hellion x2  
  161  13:10  Sensor Tower, SCV  
  161  13:12  Command Center  
  162  13:18  Barracks  
  162  13:32  Sensor Tower  
Show
View Real Time Build Order
Export as new Build Order

MMcolacNL Zerg 

Build Orders: Hatch First 

Get SALT Encoding   

  12  0:01  Drone  
  13  0:12  Overlord  
  13  0:17  Drone  
  14  0:23  Extractor  
  14  0:24  Drone  
  15  0:33  Drone  
  15  0:34  Drone  
  17  0:53  Hatchery  
  17  0:56  Drone  
  17  0:58  Drone  
  18  1:11  Extractor  
  18  1:13  Spawning Pool  
  18  1:16  Drone  
  17  1:19  Drone  
  18  1:28  Drone  
  19  1:39  Drone  
  20  1:49  Overlord  
  20  2:02  Queen  
  20  2:06  Queen, Drone x2  
  26  2:18  Hatchery  
  26  2:22  Zergling x2  
  26  2:24  Zergling x2  
  26  2:29  Metabolic Boost  
  27  2:32  Drone  
  27  2:34  Drone  
  29  2:37  Drone  
  29  2:40  Extractor  
  29  2:42  Drone  
  30  2:48  Drone x2  
  33  2:54  Overlord  
  33  2:59  Drone  
  33  3:05  Drone  
  35  3:10  Drone  
  36  3:19  Drone x4  
  40  3:22  Drone x3  
  43  3:28  Overlord  
  43  3:30  Queen x2  
  43  3:32  Queen  
  49  3:38  Zergling x2  
  50  3:49  Zergling x14  
  57  3:57  Zergling x2  
  57  3:58  Overlord  
  57  4:07  Queen  
  57  4:16  Baneling Nest  
  54  4:17  Drone  
  54  4:18  Drone x6  
  54  4:22  Drone x2  
  54  4:24  Spore Crawler x2  
  60  4:25  Drone x3  
  60  4:30  Overlord  
  62  4:32  Overlord  
  62  4:42  Overlord  
  62  4:45  Lair  
  62  4:48  Queen  
  64  4:54  Drone x2  
  64  4:58  Extractor  
  65  5:00  Extractor  
  65  5:02  Drone x2  
  65  5:03  Drone x3  
  65  5:04  Evolution Chamber, Drone x5  
  65  5:05  Evolution Chamber  
  72  5:08  Drone  
  73  5:14  Overlord x2  
  73  5:18  Baneling x4  
  73  5:19  Baneling  
  73  5:20  Zergling x2  
  74  5:22  Overlord  
  74  5:29  Overlord  
  74  5:32  Queen  
  74  5:34  Zergling x2  
  74  5:35  Zergling x2, Hatchery  
  77  5:40  Zergling x10  
  82  5:45  Drone  
  79  5:58  Baneling x3  
  79  5:59  Drone x7  
  72  6:25  Drone  
  72  6:26  Drone x10  
  74  6:37  Drone x2  
  74  6:38  Drone  
  72  6:40  Extractor  
  72  6:41  Extractor  
  72  6:44  Zerg Melee Weapons Level 1  
  72  6:45  Zerg Ground Armor Level 1  
  70  6:49  Drone x4  
  70  6:51  Hydralisk Den, Drone x3  
  76  6:57  Extractor  
  76  7:00  Drone x2  
  76  7:01  Drone x2  
  79  7:09  Drone x3  
  79  7:10  Hatchery, Centrifical Hooks, Drone x2  
  83  7:20  Drone  
  83  7:21  Drone x2  
  86  7:23  Overlord x3  
  86  7:24  Muscular Augments  
  86  7:28  Hydralisk  
  86  7:29  Hydralisk  
  83  7:44  Drone  
  83  7:45  Drone x9  
  92  7:51  Hydralisk x2  
  92  7:55  Hydralisk  
  92  7:56  Hydralisk  
  100  8:01  Hydralisk  
  102  8:08  Drone  
  102  8:09  Drone x6  
  109  8:23  Hydralisk x3  
  109  8:24  Hydralisk x3  
  123  8:28  Hydralisk  
  104  8:48  Hydralisk  
  104  8:49  Hydralisk x9  
  104  8:53  Zergling x8  
  104  8:54  Zergling x2  
  119  8:57  Zergling x2  
  120  9:05  Zerg Ground Armor Level 2  
  120  9:06  Zerg Missile Weapons Level 1  
  116  9:12  Hydralisk x4  
  116  9:16  Hydralisk  
  104  9:30  Hydralisk x3  
  106  9:32  Overlord x2  
  106  9:33  Overlord  
  106  9:38  Hatchery, Drone x3  
  108  9:48  Hydralisk x3  
  114  9:56  Hatchery, Hydralisk x3  
  119  10:04  Hydralisk x2  
  119  10:05  Hydralisk  
  125  10:13  Overlord x2  
  125  10:14  Overlord  
  125  10:18  Hydralisk x3  
  131  10:25  Zergling x10  
  131  10:36  Hydralisk x2  
  131  10:37  Hydralisk x3  
  141  10:44  Drone x5  
  141  10:45  Drone  
  143  10:57  Evolution Chamber  
  142  11:05  Hydralisk  
  142  11:06  Hydralisk x7  
  142  11:11  Overlord, Infestation Pit  
  157  11:15  Zerg Missile Weapons Level 2  
  157  11:41  Zergling x12  
  157  11:42  Zergling x16  
  157  11:44  Baneling x10  
  169  11:47  Zergling x2  
  169  11:48  Zergling x4  
  169  11:50  Zergling x2  
  174  12:07  Baneling  
  157  12:09  Drone x4  
  157  12:10  Drone x4  
  157  12:15  Drone x3  
  143  12:16  Drone  
  143  12:17  Drone x2  
  143  12:18  Baneling x4  
  143  12:19  Baneling x16  
  146  12:25  Hydralisk x3  
  146  12:27  Hydralisk  
  112  12:45  Hydralisk  
  112  12:46  Hydralisk x5  
  112  12:49  Zergling x4  
  84  13:00  Hydralisk x6  
  84  13:03  Zergling x2  
  97  13:09  Hydralisk x3  
  97  13:12  Zergling x2  
  104  13:16  Hydralisk  
  104  13:19  Zergling x6  
  109  13:22  Zergling x2  
  109  13:25  Baneling  
  109  13:26  Baneling x5  
  111  13:27  Zergling x8  
Tags
 
Add a new tag
Caveats
  • Supply blocks, unpowered buildings, or Contaminate may cause inaccurate times.
  • Supply counts are checked every 10 seconds.